Cogmind - Beta 16 @@@ ROGUE MODE // 2025.11.13 @ 20:56:30 Player: Palikka Result: Destroyed by IM-SPF(R) with Subdweller Shrapnel Launcher Performance ------------- Evolutions (0) 0 Regions Visited (2) 400 Robots Destroyed (27) 135 Value Destroyed (618) 618 Prototype IDs (2) 40 Alien Tech Used (0) 0 Bonus (0) 0 TOTAL SCORE: 1193 Bonus ------- None Cogmind --------- Core Integrity 0/250 Matter 267/300 Energy 100/100 System Corruption 2% Temperature Cool (0) Movement Treading (160) Location -10/Subcaves Parts ------- > --- POWER (1) -------- (None) > --- PROPULSION (2) --- Light Treads Spiked Treads > --- UTILITY (2) ------ Improved Heat Sink Large Storage Unit > --- WEAPON (2) ------- Subdweller Laser Light Assault Rifle > --- INVENTORY (15) --- Light Nuclear Core Light Treads Light Treads Improved Treads Improved Treads Improved Treads Improved Treads Huge Storage Unit Structural Scanner Seismic Detector Beam Rifle Light Assault Rifle Battle Rifle Peak State ------------ > --- POWER ------------ Light Ion Engine > --- PROPULSION ------- Light Treads Spiked Treads > --- UTILITY ---------- Improved Heat Sink Large Storage Unit > --- WEAPON ----------- Light Assault Rifle Subdweller Machine Gun > --- INVENTORY -------- Light Nuclear Core Light Treads Light Treads Light Treads Improved Treads Improved Treads Improved Treads Improved Treads Huge Storage Unit Structural Scanner Seismic Detector Beam Rifle Subdweller Laser Light Assault Rifle [Rating: 13] Favorites ----------- Power Ion Engine Engine Ion Engine Propulsion Light Treads Treads Light Treads Utility Large Storage Unit Device Improved Heat Sink Storage Large Storage Unit Protection Light Armor Plating Weapon Light Assault Rifle Energy Gun Subdweller Laser Ballistic Gun Light Assault Rifle Build | -11 -10 -10 ------- Run | Yrd Mat Sub Slots Evolved . | . . . Power . | . . . Propulsion . | . . . Utility . | . . . Weapon . | . . . Parts Attached 25 | 6 10 9 Power 3 | 1 1 1 Engine 3 | 1 1 1 Core . | . . . Reactor . | . . . Propulsion 7 | 2 3 2 Treads 7 | 2 3 2 Leg . | . . . Wheel . | . . . Hover . | . . . Flight . | . . . Utility 7 | 1 5 1 Device 1 | . . 1 Storage 5 | 1 4 . Processor . | . . . Hackware . | . . . Protection 1 | . 1 . Artifact . | . . . Weapon 8 | 2 1 5 Energy Gun 2 | . . 2 Energy Cannon . | . . . Ballistic Gun 6 | 2 1 3 Ballistic Cannon . | . . . Launcher . | . . . Special Weapon . | . . . Impact Weapon . | . . . Slashing Weapon . | . . . Piercing Weapon . | . . . Special Melee Weapon . | . . . Unidentified Prototypes . | . . . Parts Lost 5 | . . 5 Power 2 | . . 2 Propulsion 1 | . . 1 Utility 1 | . . 1 Weapon 1 | . . 1 Highest Loss Streak 2 | . . 2 To Critical Strikes . | . . . Average Backups 11 | 1 11 13 Power 1 | . 1 1 Propulsion 4 | . 4 6 Utility 3 | . 3 3 Weapon 2 | . 2 2 Tool/Special . | . . . Unused Backups 13 | . 3 10 Power 3 | . 2 1 Propulsion 5 | . . 5 Utility 2 | . . 2 Weapon 3 | . 1 2 Tool/Special . | . . . Average Slot Usage (%) 95 | . 94 96 Engine 13 | . 14 13 Treads 27 | . 28 27 Device 3 | . . 8 Storage 14 | . 14 14 Protection 6 | . 8 3 Ballistic Gun 27 | . 28 26 Peak Build Rating 13 | 6 10 13 Average Rating 8 | 4 7 11 On Entrance 5 | . 6 9 Avg Prop Armor Cover (%) . | . . . Naked Turns . | . . . Heaviest Build 88 | 13 88 34 Greatest Support 43 | 40 43 40 Greatest Overweight (x) 2 | . 2 1 Average Overweight (x) . | . . . Largest Inventory Capacity 25 | 8 25 15 Average Capacity 13 | 6 12 15 Most Carried 15 | 3 15 15 Average Carried 12 | 1 11 13 Final Capacity 15 | 8 15 15 Final Carried 15 | 3 15 13 Class Distribution -------------------- 72% | Mutant 27% | Scavenger-Mutant Dominant Class ---------------- Mutant | -10/Materials Scavenger-Mutant | -10/Subcaves Resources | -11 -10 -10 ----------- Run | Yrd Mat Sub Matter Collected 849 | 200 379 270 Remotely . | . . . Salvage Created 789 | 11 490 288 Parts 70 | 4 40 26 Haulers Intercepted 2 | . 2 . Recyclers Shooed 4 | . 4 . Parts Field Recycled . | . . . Retrieved Matter . | . . . Parts Self-Destructed 8 | . . 8 Prevented . | . . . Parts Restored . | . . . Kills | -11 -10 -10 ------- Run | Yrd Mat Sub Combat Hostiles Destroyed 24 | . 14 10 Guns 24 | . 14 10 Classes Destroyed 5 | 1 3 1 Tunneler 1 | 1 . . Hauler 2 | . 2 . Swarmer 11 | . 8 3 Grunt 6 | . 6 . Subdweller 7 | . . 7 Best Kill Streak 3 | 1 3 3 Combat Bots Only 3 | . 3 3 Max Kills in Single Turn 2 | 1 2 1 Gunslinging 1 | . 1 . Exploded . | . . . Melee . | . . . Uniques/NPCs Destroyed . | . . . Combat | -11 -10 -10 -------- Run | Yrd Mat Sub Hostile Shots Fired 112 | . 50 62 Missed 26 | . 14 12 Hits 86 | . 36 50 Projectile 86 | . 36 50 AOE 5 | . . 5 Critical Strikes 2 | . . 2 Damage Taken 1404 | . 340 1064 Core 251 | . 75 176 Absorbed by Shields . | . . . Core Remaining (%) 100 | 100 . . Volleys Fired 125 | 4 55 66 Largest 2 | 2 2 2 Hottest 80 | 40 40 80 Shots Fired 222 | 8 110 104 Gun 222 | 8 110 104 Cannon . | . . . Launcher . | . . . Special . | . . . Kinetic 210 | 8 110 92 Thermal 12 | . . 12 Explosive . | . . . Electromagnetic . | . . . Robot Hit Streak 24 | 3 17 24 Robot Miss Streak 4 | 1 4 3 Penetration Max . | . . . Secondary Targets 6 | . 5 1 Max Gunslinging Chain 1 | . 1 1 Shots Hit Robots 145 | 6 70 69 Core Hits 54 | 2 29 23 Critical Kills . | . . . Critical Parts Destroyed 1 | . 1 . Critical Strikes 1 | . 1 . Destroy 1 | . 1 . Melee Attacks . | . . . Impact . | . . . Slashing . | . . . Piercing . | . . . Sneak Attacks . | . . . Combat Hostiles . | . . . Follow-up Attacks . | . . . Damage Inflicted 1630 | 57 726 847 Guns 1630 | 57 726 847 Cannons . | . . . Explosions . | . . . Melee . | . . . Ramming . | . . . Kinetic 1515 | 57 726 732 Thermal 115 | . . 115 Explosive . | . . . Electromagnetic . | . . . Impact . | . . . Slashing . | . . . Piercing . | . . . Highest Corruption 2 | . 2 2 Average Corruption 2 | . 2 2 Corruption Purged . | . . . Corruption Blocked . | . . . Effects 15 | . 5 10 Message Errors 3 | . 1 2 Matter Fused 3 | . 2 1 Heat Flow Errors 1 | . . 1 Energy Discharges 1 | . 1 . Data Loss (minor) 1 | . . 1 Data Loss (major) 1 | . . 1 Misfires 2 | . . 2 Alerts 1 | . 1 . Weapon Failures 2 | . . 2 Overload Shots . | . . . Overflow Damage . | . . . Projectiles . | . . . Explosions . | . . . Melee . | . . . Knockbacks . | . . . Impact . | . . . Kinetic . | . . . Secondary . | . . . Self-Inflicted Damage . | . . . Shots . | . . . Rammed . | . . . Targets Rammed . | . . . Kicked . | . . . Crushed . | . . . Highest Temperature 139 | . 32 139 Average Temperature 11 | . 7 85 Received Heat Transfer 198 | . 93 105 Siege Activations . | . . . Martial Activations . | . . . Shielding Activations . | . . . Robots Disrupted . | . . . Combat Hostiles . | . . . Robots Corrupted . | . . . Combat Hostiles . | . . . Parts Fried . | . . . Impact Corruptions . | . . . Robots Melted . | . . . Combat Hostiles . | . . . Parts Melted 1 | . . 1 Heat Transferred 162 | . . 162 Parts Sabotaged . | . . . Parts Stolen . | . . . Parts Stripped . | . . . Power Chain Reactions . | . . . Alert | -11 -10 -10 ------- Run | Yrd Mat Sub Maximum Alert Level . | . . . Low Security (%) 100 | 100 100 . Level 1 . | . . . Level 2 . | . . . Level 3 . | . . . Level 4 . | . . . Level 5 . | . . . High Security . | . . . Max Security . | . . . Peak Influence 146 | 5 146 . Initial . | . . . Average 51 | . 54 . Influence Increases 520 | 5 445 70 Destroy 0b10 Robot/C 340 | . 280 60 Destroy 0b10 Robot/NC 15 | 5 10 . Destroy Leader 54 | . 44 10 Successful Hack 18 | . 18 . Destroy Structure 3 | . 3 . Lose Combat Pursuer 90 | . 90 . Influence Decreases 520 | 5 425 90 Entered New Map 10 | . . 10 Time Decay 490 | 5 425 60 Lost Part 20 | . . 20 Squads Dispatched 1 | . 1 . Investigation 1 | . 1 . Extermination . | . . . Reinforcement . | . . . Assault . | . . . Garrison . | . . . Intercept . | . . . Searches Triggered . | . . . Construction Impeded . | . . . Haulers Reinforced . | . . . Active Scanning Responses . | . . . Cargo Convoy Interrupts . | . . . Stealth | -11 -10 -10 --------- Run | Yrd Mat Sub Distress Signals 1 | . 1 . Communications Jammed . | . . . Distress Signals . | . . . Times Spotted 42 | . 31 11 Peak Tracking Total 7 | . 7 3 Tactical Retreats 3 | . 3 . Traps | -11 -10 -10 ------- Run | Yrd Mat Sub Traps Triggered 1 | . 1 . Indirectly . | . . . Trap Hack Attempts . | . . . Triggered . | . . . Disarmed . | . . . Reprogrammed . | . . . Reused . | . . . Traps Extracted . | . . . Installed . | . . . Triggered . | . . . Machines | -11 -10 -10 ---------- Run | Yrd Mat Sub Machines Disabled . | . . . Max in Single Turn . | . . . Machines Repaired . | . . . Machines Dismantled . | . . . Machines Sabotaged . | . . . Overloaded Fab Kills . | . . . Hacking | -11 -10 -10 --------- Run | Yrd Mat Sub Machines Accessed 9 | . 9 . Terminals 7 | . 7 . Fabricators . | . . . Repair Stations . | . . . Recycling Units 2 | . 2 . Scanalyzers . | . . . Garrison Access . | . . . Total Hacks 18 | . 18 . Successful 11 | . 11 . Failed 7 | . 7 . Catastrophic 1 | . 1 . Database Lockouts . | . . . Manual 4 | . 4 . Terminals 16 | . 16 . Fabricators . | . . . Repair Stations . | . . . Recycling Units 2 | . 2 . Scanalyzers . | . . . Garrison Access . | . . . Terminal Hacks 7 | . 7 . Prototype ID Bank 1 | . 1 . Alert Level 1 | . 1 . Locate Traps 3 | . 3 . Transport Status 1 | . 1 . Zone Layout 1 | . 1 . Fabricator Hacks . | . . . Repair Station Hacks . | . . . Recycling Unit Hacks 2 | . 2 . Report Inventory 2 | . 2 . Scanalyzer . | . . . Garrison Access Hacks . | . . . Unauthorized Hacks 2 | . 2 . Terminals 2 | . 2 . Track 2 | . 2 . Fabricators . | . . . Repair Stations . | . . . Recycling Units . | . . . Scanalyzers . | . . . Garrison Access . | . . . Data Cores Recovered . | . . . Used . | . . . Hacking Detections 6 | . 6 . Full Trace Events 1 | . 1 . Feedback Events . | . . . Feedback Blocked . | . . . Robot Schematics Acquired . | . . . Robots Built . | . . . Authchips . | . . . Time . | . . . Total Robot Build Rating . | . . . Part Schematics Acquired . | . . . Parts Built . | . . . Authchips . | . . . Time . | . . . Total Part Build Rating . | . . . Part Studies Acquired . | . . . Parts Repaired . | . . . Time . | . . . Parts Recycled . | . . . Recycled Matter . | . . . Retrieved Matter . | . . . Retrieved Components . | . . . Parts Scanalyzed . | . . . Part Schematics Acquired . | . . . Parts Damaged . | . . . Bothacking | -11 -10 -10 ------------ Run | Yrd Mat Sub Used RIF Installer . | . . . Robots Hacked . | . . . Non-combat . | . . . Combat . | . . . Robot Hacks Applied . | . . . Relay Couplers Released . | . . . Fabnet Peak Effective % . | . . . Robots Rewired . | . . . Allies Hacked . | . . . Hacks Repelled . | . . . Allies | -11 -10 -10 -------- Run | Yrd Mat Sub Total Allies . | . . . Largest Group . | . . . Highest-Rated Group . | . . . Highest-Rated Ally . | . . . Total Orders . | . . . Ally Attacks . | . . . Total Damage . | . . . Kills . | . . . Allies Corrupted . | . . . Allies Melted . | . . . Intel | -11 -10 -10 ------- Run | Yrd Mat Sub Active Infowar (turns) . | . . . Robot Analysis Total . | . . . Derelict Logs Recovered 1 | . . 1 Drone Launches . | . . . Drone Recoveries . | . . . Exploration | -11 -10 -10 ------------- Run | Yrd Mat Sub Turns Passed 2416 | 81 1442 893 Spaces Moved 1217 | 38 760 419 Core 3 | 3 . . Treads 1214 | 35 760 419 Legs . | . . . Wheels . | . . . Hover . | . . . Flight . | . . . Fastest Speed 50 | 50 160 160 Average Speed 160 | 151 160 161 Slowest Speed 320 | 160 320 240 Overloaded Moves . | . . . Propulsion Burnouts . | . . . Robots Hopped . | . . . Potential Cave-ins . | . . . Cave-ins Triggered . | . . . Exploration Rate (%) 44 | 4 100 28 Regions Visited 2 Branch Regions 1 Pre-discovered Areas 1 | . . 1 Known Exits Taken . | . . . Unknown Exits Taken 2 | 1 1 . Scrap Searched . | . . . Spaces Dug . | . . . Terrain Destroyed . | . . . Melee . | . . . Projectile . | . . . AOE . | . . . Terrain Rammed . | . . . Walls Destroyed . | . . . Machines Disabled . | . . . Actions | -11 -10 -10 --------- Run | Yrd Mat Sub Total 1480 | 52 890 538 Wait 76 | . 40 36 Move 1215 | 37 759 419 Hop . | . . . Pick Up 18 | 3 13 2 Fast Attach 11 | 6 3 2 Attach 5 | 1 . 4 Detach 4 | 1 1 2 Swap 12 | . 9 3 Drop 14 | . 10 4 Fire 125 | 4 55 66 Melee . | . . . Ram . | . . . Kick . | . . . Crush . | . . . Escape Stasis . | . . . Rewire . | . . . Trap . | . . . Miscellaneous . | . . . Route ------- -11/Scrapyard -10/Materials (discovered 6 exits: [*Mat x3] / [*Min x2] / [*Sub]) -10/Subcaves History --------- Turn | Location | Event 22 | -11/Scrapyard | Discovered new exit (range 14) 82 | -11/Scrapyard | Entered Materials 304 | -10/Materials | Build established: Mutant 383 | -10/Materials | Discovered new exit (range 5) 482 | -10/Materials | Discovered new exit (range 14) 858 | -10/Materials | Discovered new exit (range 8) 889 | -10/Materials | Discovered new exit (range 15) 1011 | -10/Materials | Discovered new exit (range 11) 1510 | -10/Materials | Discovered new exit (range 10) 1524 | -10/Materials | Entered Subcaves 1525 | -10/Subcaves | Approached by a straggling Scientist 1571 | -10/Subcaves | Learned location of Storage (-8) 1732 | -10/Subcaves | Core integrity fell below 50% 1892 | -10/Subcaves | Core integrity fell below 20% 2073 | -10/Subcaves | Build established: Scavenger-Mutant 2155 | -10/Subcaves | Shifting Twisted Machinery released Spk. Treads 2361 | -10/Subcaves | Shifting Twisted Machinery released Battle Rifle 2390 | -10/Subcaves | Ambushed by Subdweller buried in earth 2417 | -10/Subcaves | Destroyed by IM-SPF(R) with Subdweller Shrapnel Launcher Last Messages --------------- 02038_ Flight Unit fries itself beyond repair. 02039_ Acquired Lgt. Ion Engine. Spk. Treads falls loose from the Twisted Machinery. 02184_ System corrupted: FCS attempts to trigger Lgt. Assault Rifle. 02184_ System corrupted: Lgt. Assault Rifle misfires. 02187_ Dropped Lgt. Treads. 02293_ System corrupted: Heat flow error (+191). 02321_ UR-O76(R) destroyed. 02325_ Acquired 38 matter. 02336_ Sub. Machine Gun shoots sparks and powers down. 02339_ Dropped Broken Sub. Machine Gun. Battle Rifle falls loose from the Twisted Machinery. 02367_ Acquired Battle Rifle. 02391_ 9I-9VX(R): "ARGHSUB!" 02405_ Sub. Optics melted. 02405_ 9I-9VX(R) destroyed. 02406_ 7N-H90(u) builds Twisted Machinery. 02410_ Acquired 21 matter. 02410_ 7N-H90(u) builds Twisted Machinery. 02417_ Lgt. Ion Engine destroyed. Map ----- +----------------------------------------------------+ | ??????# # ##??????????????????????????????????? | | ??????## #??????????????????????????????????? | | ???????# ##??????????????????????????????????? | | ###??### #??????????????????????????????????? | | # ### #??????????????????????????????????? | | ##?????????????????????????????????? | | """ #?????????????????????????????????? | | # #""" ## ##?????????????????????????????????? | | ######"" #######?????????????????????????????????? | | " ## # # ## ##????????????????????????????????? | | "" """"#????????????????????????????????? | | = """"#?????#"?????????????????????????? | | #" & # #""#?????#""?????????????????????????? | | ###"! #####""##????# "?????????????????????????? | | #?## =##### #"" #????# ?????????????????????????? | | #?#"" ##?# ""#???#" "?????????????????????????? | | ??##"[ #?#" "#?###" "?????????????????????????? | | "??#" ##?#" #?#;;"R##????????????????????????? | | "?# " #?## ### " ###??????????????????????? | | # ##??## #" #?????#????????????????? | | # ##??# u" #???? ##???????????????? | | ## #### """ #### ##??????????????? | | ### """ ;; ##?????????????? | | ## """" #?????????????? | | ## " ### #?????????????? | | ## #########?# @ #????????????? | | #####?????????# ### ???????????? | | ##?????????????# ##?????????????????? | | ##??????????????### ;;;;;#??????????????????? | | #?????????????????#### #######??????????????????? | | #????????????????????###?????????????????????????? | | ?????????????????????????????????????????????????? | | ?????????????????????????????????????????????????? | | ?????????????????????????????????????????????????? | | ?????????????????????????????????????????????????? | | ?????????????????????????????????????????????????? | | ?????????????????????????????????????????????????? | | ?????????????????????????????????????????????????? | | ?????????????????????????????????????????????????? | | ?????????????????????????????????????????????????? | | ?????????????????????????????????????????????????? | | ?????????????????????????????????????????????????? | | ?????????????????????????????????????????????????? | | ?????????????????????????????????????????????????? | | ?????????????????????????????????????????????????? | | | | | | | | | | | +----------------------------------------------------+ Best States ------------- Heat Dissipation 39 Energy Generation 10 Energy Capacity 250 Matter Stores 300 Matter Capacity 300 Sight Range 16 Terrain Scan Density 10 Armor Coverage 150 Evasion (%) 40 Recoil Reduction 2 Item Schematics ----------------- None Robot Schematics ------------------ None Fabricated ------------ Nothing Repaired ---------- Nothing Studied --------- None Alien Tech Used ----------------- None Achievements -------------- None Challenges ------------ None Game ------ Seed LinearMultitargetingLattice Manual? 0 Play Time 00:17:10 Cumulative 433.5 hours Start 2025.11.13 @ 20:44:01 End 2025.11.13 @ 20:56:30 Sessions 1 Manual Loads 0 Difficulty Rogue Special Mode None Game No. 471 Rogue 471 Adventurer 0 Explorer 0 Win Type - Total 39 Types 29/0/7/3/0/0/0/0/0/0 Lore% 80 Gallery% 71 Achievement% 43 Wizard Run 0 Options --------- Layout 0 ASCII 0 Keyboard 1 Movement Numpad Keybinds 0 Fullscreen 1 Font 24/Smallcaps Map View 76x50 Zoom Use 0% Tactical HUD 1 Map Filters NONE Filters NONE Steam 1 RUN: 39d68682-d8c8-456c-b83d-44dabdfc0b0f